 Dungeon Crawl Stone Soup version 0.15.2 (webtiles) character file.

2997 Huymann the Skirmisher (level 9, -1/79 HPs)
             Began as a Mottled Draconian Berserker on Feb 18, 2015.
             Was a High Priest of Trog.
             Slain by a wolf (5 damage)
             ... on Level 8 of the Dungeon.
             The game lasted 00:38:55 (7202 turns).

Huymann the Skirmisher (DrBe)                       Turns: 7202, Time: 00:38:55

HP  -1/79        AC 13     Str 23      XL: 9   Next: 54%
MP   9/9         EV 16     Int  9      God: Trog [*****.]
Gold 431         SH  0     Dex 13      Spells:  0 memorised,  8 levels left

rFire  . . .     SeeInvis .     s - +2 quarterstaff (chaos)
rCold  . . .     Clarity  +     (armour unavailable)
rNeg   . . .     rCorr    .     (no shield)
rPois  +         rRot     .     (helmet restricted)
rElec  .         Spirit   .     t - +1 cloak
SustAb .         Warding  .     D - +1 pair of gloves
rMut   .         Stasis   .     e - +1 pair of boots
Gourm  .                        A - amulet of clarity
MR     .....                    m - +4 ring of strength
                                E - ring of poison resistance

@: not resistant to hostile enchantments, fairly stealthy
A: breathe sticky flames, unfitting armour, cold-blooded, AC +7
a: Breathe Sticky Flame, Burn Spellbooks, Berserk, Trog's Hand, Brothers in
Arms, Renounce Religion


You were on level 8 of the Dungeon.
You worshipped Trog.
Trog was extremely pleased with you.
You were not hungry.

You visited 1 branch of the dungeon, and saw 8 of its levels.

You collected 431 gold pieces.

Inventory:

Hand weapons
 a - a +0 spear
 d - a +0 dagger of electrocution
 j - a +0 hammer
 n - a +0 scimitar
 p - a +2 trident of venom
 q - a +0 blowgun
 s - a +2 quarterstaff of chaos (weapon)
 F - a +0 dagger of holy wrath
 K - a +3 long sword of freezing
 Q - the +5 dagger of Xeath {stab, Str+2}
   (You found it on level 7 of the Dungeon)

   It inflicts extra damage upon your enemies.
   It affects your strength (+2).
Missiles
 x - 5 poisoned needles
Armour
 e - a +1 pair of boots (worn)
 t - a +1 cloak (worn)
 D - a +1 pair of gloves (worn)
 H - a +0 pair of gloves
Magical devices
 v - a wand of fireball (6)
 I - a wand of draining (1)
 O - a wand of cold (5)
Comestibles
 c - 6 bread rations
 k - 3 meat rations
 L - a rotting chunk of hobgoblin flesh
 P - a rotting chunk of rat flesh
Scrolls
 i - 5 scrolls of remove curse
 y - a scroll of recharging
 B - a scroll of immolation
 R - a scroll of identify
Jewellery
 h - an uncursed amulet of resist mutation
 m - a +4 ring of strength (right hand)
 A - an amulet of clarity (around neck)
 E - a ring of poison resistance (left hand)
Potions
 b - a potion of cure mutation {unknown}
 f - 2 potions of might
 l - a potion of flight {unknown}
 o - 2 potions of curing
 r - a potion of haste {unknown}
 u - 2 potions of magic {unknown}
 w - 2 potions of lignification {unknown}
 z - 2 potions of brilliance {unknown}
 C - a potion of beneficial mutation {unknown}
 M - a potion of resistance {unknown}
 N - a potion of agility {unknown}
Books
 g - a book of Necromancy

   Spells                             Type                      Level
   Pain                               Necromancy                   1
   Animate Skeleton                   Necromancy                   1
   Vampiric Draining                  Necromancy                   3
   Regeneration                       Charms/Necromancy            3
   Animate Dead                       Necromancy                   4
   Control Undead                     Necromancy                   4
   Trog disapproves of the use of such an item.


   Skills:
 + Level 7.5 Fighting
 * Level 0.4 Short Blades
 + Level 4.6(6.0) Polearms
 + Level 5.8(6.5) Staves
 + Level 7.3 Dodging
 * Level 5.7 Stealth
 + Level 0.2 Evocations


You had 8 spell levels left.
You didn't know any spells.

Dungeon Overview and Level Annotations

Branches:
Dungeon (8/15)             Temple (0/1) D:4            Lair (0/8) D:8

Altars:
Elyvilon
Sif Muna
The Shining One

Shops:
D:8 [


Innate Abilities, Weirdness & Mutations

You can spit globs of burning liquid.
You can ignite nearby creatures when you spit burning liquid.
Your weird mottled scales are hard (AC +7).
Your body does not fit into most forms of armour.
Your cold-blooded metabolism reacts poorly to cold.


Message History

The electric eel shoots out a bolt of electricity!
The bolt of electricity hits the hound.
The bolt of electricity misses you. The bolt of electricity hits you!
* * * LOW HITPOINT WARNING * * *
The hound barely misses you. The wolf completely misses you.
Read which item? (? for menu, Esc to quit)
As you read the scroll of fog, it crumbles to dust.
The scroll dissolves into smoke.
The wolf closely misses you. The wolf bites you but does no damage.
The electric eel shoots out a bolt of electricity!
The bolt of electricity misses the wolf.
The bolt of electricity misses you. The bolt of electricity hits you!
* * * LOW HITPOINT WARNING * * *
The wolf misses you. The wolf bites you.
* * * LOW HITPOINT WARNING * * *
Drink which item? (? for menu, Esc to quit)
You feel better. The wolf bites you!
* * * LOW HITPOINT WARNING * * *
The wolf bites you.
You die...

###..# #..#......≈ .....#
##.##...≈≈≈≈≈ .....##
###..##....≈≈≈≈≈
..##..###...).....≈≈≈≈.≈≈
...........#.......≈≈≈≈..
........#######...≈h≈≈..>
.......## #.§§h.hhh...
.......# #.§h§≈≈h..≈.
.......# #.@h;≈≈≈≈≈..
.......# #....≈≈≈≈≈≈
........ #....≈..≈≈≈
.###.. ........≈.≈ ##.
<.......... ###.......#
##.#.### ..### #.#


You could see 3 wolves and an electric eel.

Vanquished Creatures
  A hungry ghost (D:7)
  A wraith (D:7)
  3 sky beasts
  A black bear (D:7)
  6 ogres
  A phantom (D:6)
  2 orc warriors (D:7)
  3 ice beasts
  A necrophage (D:4)
  Sigmund (D:3)
  2 giant frogs
  3 wights (D:7)
  3 crimson imps
  Crazy Yiuf (D:3)
  A gnoll shaman (D:6)
  3 orc priests
  4 orc wizards
  4 worker ants
  Natasha (thrice) (D:3)
  An iguana (D:6)
  A hound zombie (D:7)
  A hound skeleton (D:7)
  A mummy (D:6)
  6 gnolls (D:6)
  8 adders
  A green rat (D:3)
  A giant mite (D:2)
  3 worms
  3 orc skeletons
  2 adder skeletons
  3 giant geckos
  3 oozes
  29 orcs
  10 bats
  A bat zombie (D:5)
  4 giant cockroaches
  11 goblins
  14 hobgoblins
  10 jackals
  A ball python (D:2)
  5 giant newts
  A goblin skeleton (D:4)
  A hobgoblin skeleton (D:6)
  9 kobolds
  A kobold skeleton (D:6)
  4 quokkas
  19 rats
198 creatures vanquished.

Vanquished Creatures (collateral kills)
  A hobgoblin (D:7)
1 creature vanquished.

Vanquished Creatures (others)
  A black bear zombie (D:7)
  An orc zombie (D:5)
2 creatures vanquished.

Grand Total: 201 creatures vanquished

Notes
Turn   | Place    | Note
--------------------------------------------------------------
     0 | D:1      | Huymann, the Draconian Berserker, began the quest for the Orb.
     0 | D:1      | Reached XP level 1. HP: 19/19 MP: 1/1
   177 | D:1      | Reached XP level 2. HP: 23/26 MP: 2/2
   751 | D:2      | Acquired Trog's second power
  1031 | D:2      | Reached XP level 3. HP: 33/33 MP: 3/3
  1369 | D:2      | Reached XP level 4. HP: 31/40 MP: 4/4
  1741 | D:2      | Reached skill level 1 in Stealth
  1755 | D:2      | Reached skill level 4 in Fighting
  2061 | D:3      | Noticed Natasha
  2068 | D:3      | Killed Natasha
  2164 | D:3      | Reached XP level 5. HP: 41/46 MP: 5/5
  2192 | D:3      | Found a glowing drain.
  2485 | D:3      | Noticed Crazy Yiuf
  2490 | D:3      | Killed Crazy Yiuf
  2549 | D:3      | Found a white marble altar of Elyvilon.
  2803 | D:3      | Noticed Natasha
  2813 | D:3      | Killed Natasha
  2863 | D:3      | Noticed Natasha
  2863 | D:3      | Noticed Sigmund
  2871 | D:3      | Killed Natasha
  3074 | D:3      | Killed Sigmund
  3074 | D:3      | Reached XP level 6. HP: 53/53 MP: 6/6
  3357 | D:4      | Found a glowing golden altar of the Shining One.
  3357 | D:4      | Found a deep blue altar of Sif Muna.
  3612 | D:4      | Reached skill level 1 in Staves
  3669 | D:4      | Reached skill level 5 in Fighting
  3703 | D:4      | Your scales start taking on a weird mottled pattern.
  3703 | D:4      | Reached XP level 7. HP: 34/61 MP: 7/7
  3834 | D:4      | Found a staircase to the Ecumenical Temple.
  4044 | D:4      | Acquired Trog's third power
  4332 | D:5      | Entered Level 5 of the Dungeon
  4368 | D:5      | Reached skill level 5 in Dodging
  4489 | D:5      | HP: 4/91 [ogre/giant club (13)]
  4821 | D:5      | Reached XP level 8. HP: 28/69 MP: 8/8
  5251 | D:6      | Reached skill level 6 in Fighting
  6312 | D:6      | Reached XP level 9. HP: 78/78 MP: 9/9
  6423 | D:7      | Reached skill level 7 in Fighting
  6423 | D:7      | Reached skill level 5 in Staves
  6423 | D:7      | Reached skill level 5 in Stealth
  6841 | D:7      | Got a crude dagger
  6842 | D:7      | Identified the +5 dagger of Xeath {stab, Str+2} (You found it on level 7 of the Dungeon)
  7120 | D:8      | Found Stoloyth's Antique Armour Shop.
  7194 | D:8      | Found a staircase to the Lair.
  7202 | D:8      | Slain by a wolf

Action                   |  1- 3 |  4- 6 |  7- 9 || total
-------------------------+-------+-------+-------++-------
Melee: Spear             |    71 |       |       ||    71
       Trident           |    27 |    93 |       ||   120
       Quarterstaff      |       |    78 |   293 ||   371
       Dagger            |       |       |     1 ||     1
Invok: Berserk           |     2 |     3 |     7 ||    12
Evoke: Wand              |       |     1 |     2 ||     3
  Use: Scroll            |     3 |     3 |    15 ||    21
       Potion            |       |       |     1 ||     1
 Stab: Sleeping          |       |     4 |     4 ||     8
       Paralysed         |       |       |     6 ||     6
  Eat: Chunk             |     3 |    11 |    19 ||    33
